 Dungeon Crawl Stone Soup version 0.31-a0-175-g9f7f995f2b (webtiles) character file.

Game seed: 10449993273652994454

39 TittyCrusher the Changer (level 3, 0/31 HPs)
             Began as a Naga Transmuter on June 17, 2023.
             Slain by a goblin
             ... wielding a +0 dagger
             ... led by Robin
              (4 damage)
             ... on level 2 of the Dungeon.
             The game lasted 00:03:52 (1208 turns).

TittyCrusher the Changer (Naga Transmuter)          Turns: 1208, Time: 00:03:53

Health: 0/31       AC:  2    Str: 14    XL:     3   Next: 47%
Magic:  5/6        EV:  9    Int: 13    God:
Gold:   25         SH:  0    Dex: 11    Spells: 0/6 levels left

rFire   . .          .
                       - Unarmed
rCold   . . .        (no shield)
rNeg    . . .        e - +0 leather armour
rPois   +            (no helmet)
rElec   .            (no cloak)
rCorr   .            (no gloves)
SInv    +            (no barding)
Will    .....        (no amulet)
Stlth   +            (no ring)
HPRegen 0.25/turn    (no ring)
MPRegen 0.10/turn

%: no passive effects
@: about to teleport, wereblooded, very slow
A: AC +1, large, see invisible, deformed body, poison resistance, slowness 2,
spit poison 1, naga tail 1
a: Spit Poison


You were on level 2 of the Dungeon.
You visited 1 branch of the dungeon, and saw 2 of its levels.

You collected 61 gold pieces.
You spent 36 gold pieces at shops.

Inventory:

Missiles
 d - 29 stones
Armour
 a - a +0 robe
 e - a +0 leather armour (worn)
 f - a +0 ring mail
Jewellery
 b - an amulet of faith
Scrolls
 g - a scroll of identify


   Skills:
 - Level 1.0 Fighting
 - Level 1.5 Dodging
 - Level 3.0 Unarmed Combat
 - Level 2.0 Spellcasting
 - Level 3.6 Transmutations
 + Level 1.1 Poison Magic


You couldn't memorise any spells.
You knew the following spells:

 Your Spells              Type           Power      Damage    Failure   Level
a - Beastly Appendage     Tmut           20%        N/A       8%          1
b - Wereblood             Tmut           10%        N/A       11%         2
c - Spider Form           Tmut/Pois      7%         N/A       36%         3

Your spell library contained the following spells:

 Spells                   Type           Power      Damage    Failure   Level
 Ice Form                 Ice/Tmut       5%         N/A       83%         4


Dungeon Overview and Level Annotations

Branches:
Dungeon (2/15)

Altars:

Shops:
D:2 [?

Annotations:
D:2 Robin


Innate Abilities, Weirdness & Mutations

Your serpentine skin is tough. (AC +1)
You have supernaturally acute eyesight. (SInv)
Armour fits poorly on your strangely shaped body.
Your system is resistant to poisons. (rPois)
You cover ground very slowly.
You can spit poison.
You have a snake-like lower body.


Message History

You kill the goblin!
The goblin hits you with a +0 club.
You closely miss the goblin.
A goblin comes into view. It is wielding a +0 dagger.
Robin roars a battlecry!
The goblins go into a battle-frenzy!
The goblin barely misses you.
You closely miss the goblin.
You howl as the wereblood boils in your veins!
You have got your breath back.
The goblin hits you with a +0 club.
As you read the scroll of teleportation, it crumbles to dust.
You feel strangely unstable. The goblin barely misses you.
Robin roars a battlecry!
The goblin goes into a battle-frenzy!
Unknown command.
An endoplasm comes into view.
Robin throws the goblin at you! The goblin hits you with a +0 dagger.
The goblin barely misses you. Robin throws the goblin at you!
You see here a +0 club.
Unknown command.
The goblin attacks as you move away! The goblin closely misses you.
The goblin attacks as you move away! The goblin closely misses you.
The goblin barely misses you.
Unknown command.
Your surroundings suddenly seem different.
A goblin comes into view. It is wielding a +0 club.
Robin barely misses you. The goblin hits you but does no damage.
The goblin hits you with a +0 club.
* * * LOW HITPOINT WARNING * * *
The goblin misses you. Robin throws the goblin at you!
* * * LOW HITPOINT WARNING * * *
The goblin hits you but does no damage.
As you read the scroll of teleportation, it crumbles to dust.
You feel strangely unstable.
You howl as the wereblood boils in your veins!
The goblin hits you with a +0 dagger.
* * * LOW HITPOINT WARNING * * *
The goblin hits you with a +0 dagger.
You die...

###.. #.#.#
...... #.#.#
###..#
#######.#.#
# #
#.........#
#.#####g###
#.# ##.##
#ggg#######
#..#@g.....#
#.Jg.#####.#
#.#.## #.#.
#.#. #.#. #.
##


You could see Robin, an endoplasm and 5 goblins.

Vanquished Creatures
  An adder (D:2)
  A dart slug (D:2)
  4 ball pythons
  4 endoplasms
  3 goblins
  3 hobgoblins (D:2)
  2 quokkas (D:1)
  3 bats (D:1)
  A frilled lizard (D:1)
  A kobold (D:1)
  3 rats
26 creatures vanquished.

Notes
Turn   | Place    | Note
-------+----------+-------------------------------------------
     0 | D:1      | TittyCrusher the Naga Transmuter began the quest for the
                  | Orb.
     0 | D:1      | Reached XP level 1. HP: 18/18 MP: 3/3
   216 | D:1      | Reached XP level 2. HP: 25/25 MP: 3/5
   219 | D:1      | Learned a level 2 spell: Wereblood
   818 | D:2      | Found Siuqagaice's Antique Armour Shoppe.
   871 | D:2      | Reached XP level 3. HP: 19/31 MP: 6/6
  1079 | D:2      | Learned a level 3 spell: Spider Form
  1169 | D:2      | Found Owue's Magic Scroll Shop.
  1178 | D:2      | Bought a scroll of teleportation for 36 gold pieces
  1180 | D:2      | Reached skill level 1 in Poison Magic
  1193 | D:2      | Noticed Robin
  1208 | D:2      | Slain by a goblin

Illustrated notes

Levels and vault maps discovered:
D:1:      nzn_arrival_water_spiral, layout_loops_ring
D:2:      layout_loops_ring, serial_shops, nicolae_shop_back_alley_shop,
          nicolae_shop_behind_doors, nicolae_shop_scrapyard, shop, shop,
          shapermc_ecumenical_altar_ellora, moated_statue, lemuel_flame_loot_1,
          uniq_robin

Skill      XL: |  1  2  3 |
---------------+----------+-----
Transmutations | 3 |  3.6
Poison Magic   | 1 |  1.1
Fighting       | |  1.0
Dodging        | |  1.5
Unarmed Combat | |  3.0
Spellcasting   | |  2.0

Action                     || total
---------------------------++-------
  Melee: Unarmed           ||    34
         Headbutt          ||     6
   Cast: Beastly Appendage ||    12
         Wereblood         ||     1
Ability: Spit Poison       ||    32
    Use: Potion            ||     3
         Scroll            ||     3
 Armour: Robe              ||     1
         Leather armour    ||     7
         Skin              ||     2
  Dodge: Dodged            ||    29

Table legend: (Time is in decaauts)
 A = Elapsed time spent in this place.
 B = Non-inter-level travel time spent in this place.
 C = Inter-level travel time spent in this place.
 D = Time resting spent in this place.
 E = Time spent auto-exploring this place.
 F = Levels seen in this place.
 G = Mean time per level.
                   A        B        C        D        E       F      G
               +--------+--------+--------+--------+--------+-----+--------+
         Total |   1511 |   1507 |      4 |    223 |    989 |   2 |  755.5 |
       Dungeon |   1511 |   1507 |      4 |    223 |    989 |   2 |  755.5 |
               +--------+--------+--------+--------+--------+-----+--------+

Top non-repeatable levels by time:
     D:1: 966 daAuts
     D:2: 545 daAuts
